 Dungeon Crawl Stone Soup version 0.19.5 (webtiles) character file.

86 Monsterracer the Cudgeler (level 4, -2/45 HPs)
             Began as an Ogre Warper on July 12, 2017.
             Killed from afar by an orc wizard (7 damage)
             ... with a puff of flame
             ... on level 3 of the Dungeon.
             The game lasted 00:06:54 (2997 turns).

Monsterracer the Cudgeler (Ogre Warper)             Turns: 2997, Time: 00:06:55

Health: -2/45      AC:  3    Str: 22    XL:     4   Next: 50%
Magic:  7/7        EV: 10    Int: 12    God:
Gold:   153        SH:  0    Dex:  9    Spells: 0 memorised, 7 levels left

rFire  . . .     SeeInvis .     a - +2 mace (crush)
rCold  . . .     Gourm    .     b - +0 robe
rNeg   . . .     Faith    .     (no shield)
rPois  +         Spirit   .     (helmet restricted)
rElec  .         Reflect  .     (no cloak)
rCorr  .         Harm     .     (gloves unavailable)
MR     .....                    (boots unavailable)
Stlth  +.........               (no amulet)
                                (no ring)
                                l - ring of poison resistance

@: mighty, very slightly contaminated, hasted, heavily drained, very quick
A: unfitting armour, tough skin 1
a: no special abilities


You were on level 3 of the Dungeon.
You were not hungry.

You visited 1 branch of the dungeon, and saw 3 of its levels.

You collected 153 gold pieces.

Inventory:

Hand Weapons
 a - a +2 mace of crushing (weapon)
Missiles
 e - 4 tomahawks of dispersal
 r - 70 stones (quivered)
 t - 11 poisoned needles
 v - 5 tomahawks
Armour
 b - a +0 robe (worn)
Jewellery
 l - a ring of poison resistance (left hand)
Wands
 q - a wand of iceblast (7/15)
Scrolls
 d - a scroll of blinking
 i - a scroll of noise {unknown}
 j - 3 scrolls of identify
 k - a scroll of enchant weapon {unknown}
 m - a scroll of random uselessness {unknown}
 p - 5 scrolls of remove curse {unknown}
 u - a scroll of fog {unknown}
Books
 c - a book of Spatial Translocations

   Spells                             Type                      Level
   a - Blink                          Translocation                2
   b - Shroud of Golubria             Charms/Translocation         2
   c - Lesser Beckoning               Translocation                3
   d - Portal Projectile              Translocation                3
   e - Teleport Other                 Translocation                3
   f - Passage of Golubria            Translocation                4
Comestibles
 f - a bread ration
 g - a chunk of flesh
 h - 8 fruits
 n - 2 meat rations


   Skills:
 + Level 3.5(2.2) Fighting
 * Level 3.9(2.6) Maces & Flails
 + Level 2.2(1.0) Throwing
 + Level 2.8(1.6) Dodging
 - Level 2.4(1.1) Spellcasting
   Level 2.1(0.9) Translocations


You had 7 spell levels left.
You didn't know any spells.

Dungeon Overview and Level Annotations

Branches:
Dungeon (3/15)

Altars:
Elyvilon
Yredelemnul


Innate Abilities, Weirdness & Mutations

You are too large for most types of armour.
You have tough skin. (AC +1)


Message History

It was a potion of haste.
You feel yourself speed up. The orc wizard hits you with a dagger.
* * * LOW HITPOINT WARNING * * *
Something hits you but does no damage. The orc wizard barely misses you.
You are very lightly contaminated with residual magic.
Damage: -2%(-1hp) hp: 45%(20hp) It was a potion of might.
You feel very mighty all of a sudden. Something hits you.
* * * LOW HITPOINT WARNING * * *
The orc wizard gestures at you while chanting.
The magic dart hits you!
* * * LOW HITPOINT WARNING * * *
Huge Dmg: -22%(-10hp) hp: 23%(10hp)
You closely miss the orc wizard. The orc wizard hits you with a dagger.
* * * LOW HITPOINT WARNING * * *
You hear some strange, mumbled words.
A puff of flame appears from out of thin air!
The puff of flame hits you!
You die...

...........####..#.# #
#.......<# #.## #........#
#.# #........# #.#
#........# #.# ####
##........# #.# ....
#.........# #.###########.
#.############.##.##.....#.
# #..o@{o...o........#.
############.##.#......# #.#
#.............#.##.....# #.#
#...###########.##.....# #.#
#.#.# #.##....## #.#...#.#
#####'##....### #.#####.#
#.............. # #.#
###.#######....oo.#...###
#.###........##.......#....#


You could see 2 orc wizards and an orc.

Vanquished Creatures
  2 adders (D:2)
  A dart slug (D:1)
  A leopard gecko (D:3)
  5 orcs (D:2)
  A ball python (D:2)
  8 bats
  3 giant cockroaches
  11 goblins
  6 hobgoblins
  4 quokkas
  3 frilled lizards
  7 kobolds
  2 rats (D:2)
54 creatures vanquished.

Notes
Turn   | Place    | Note
-------+----------+-------------------------------------------
     0 | D:1      | Monsterracer the Ogre Warper began the quest for the Orb.
     0 | D:1      | Reached XP level 1. HP: 22/22 MP: 3/3
   284 | D:1      | Reached XP level 2. HP: 27/29 MP: 5/5
   872 | D:2      | Reached XP level 3. HP: 31/36 MP: 6/6
  1705 | D:2      | Found a basalt altar of Yredelemnul.
  1760 | D:2      | Found a white marble altar of Elyvilon.
  2163 | D:2      | Reached XP level 4. HP: 22/45 MP: 7/7
  2879 | D:3      | Found a faded altar of an unknown god.
  2997 | D:3      | Killed from afar by an orc wizard

Skill      XL: |  1  2  3 |
---------------+----------+-----
Maces & Flails | 3 |  3.9
Fighting       | 3 |  3.5
Throwing       | 2 |  2.2
Dodging        | |  2.8
Spellcasting   | |  2.4
Translocations | |  2.1

Action                   |  1- 3 |  4- 6 || total
-------------------------+-------+-------++-------
Melee: Mace              |   167 |    48 ||   215
Throw: Tomahawk          |     1 |       ||     1
  Use: Potion            |     2 |     2 ||     4
       Scroll            |       |     2 ||     2
  Eat: Chunk             |     4 |     3 ||     7
Armor: Robe              |    80 |    18 ||    98
Dodge: Dodged            |   118 |    45 ||   163
